 Dungeon Crawl Stone Soup version 0.29.1-1-gd02db6906a (webtiles) character file.

Game seed: 14488981097658048487

9792 KamiKatze the Cleaver (level 11, -1/92 HPs)
             Began as a Palentonga Fighter on Oct 3, 2022.
             Was a Believer of Trog.
             Succumbed to a cane toad's poison
             ... on level 1 of the Lair of Beasts.
             The game lasted 00:42:06 (12734 turns).

KamiKatze the Cleaver (Palentonga Fighter)         Turns: 12734, Time: 00:42:06

Health: -1/92      AC: 12    Str: 29    XL:     11   Next: 27%
Magic:  11/11      EV: 10    Int: 10    God:    Trog [**....]
Gold:   673        SH:  5    Dex: 11    Spells: 10/10 levels left

rFire   + + .      SeeInvis +   a - +5 war axe
rCold   + . .      Faith    .   c - +0 buckler
rNeg    . . .      Spirit   .   s - +2 ring mail {rF+}
rPois   .          Reflect  .   m - +1 helmet
rElec   .          Harm     .   J - +0 cloak {rCorr}
rCorr   +          Rampage  .   (no gloves)
Will    ++...                   (no barding)
Stlth   +.........              (no amulet)
HPRegen 1.25/turn               y - ring of protection from fire
MPRegen 0.12/turn               C - ring of Beimuf {Wiz rC+ rCorr Str+4 Int+2}

@: lethally poisoned (-1 -> -16), strong-willed, regenerating
A: large, rugged brown scales 3, see invisible, deformed body, roll 1, armoured
tail, reflexive curl
a: Rolling Charge, Renounce Religion, Berserk, Trog's Hand


You were on level 1 of the Lair of Beasts.
You worshipped Trog.
Trog was pleased with you.
You visited 3 branches of the dungeon, and saw 12 of its levels.

You collected 761 gold pieces.
You spent 88 gold pieces at shops.

Inventory:

Hand Weapons
 a - a +5 war axe (weapon)
 b - a +1 spear of venom
 h - a +0 hand axe of venom
 w - a +0 morningstar
 E - a +0 war axe
Missiles
 u - 3 throwing nets
 G - 2 poisoned darts
Armour
 c - a +0 buckler (worn)
 m - a +1 helmet (worn)
 p - a +2 leather armour of poison resistance
 s - a +2 ring mail of fire resistance (worn)
 v - a +0 cloak
 z - a +0 kite shield
 J - a +0 cloak of preservation (worn)
 K - a +0 troll leather armour
Jewellery
 y - a ring of protection from fire (left hand)
 C - the ring of Beimuf (right hand) {Wiz rC+ rCorr Str+4 Int+2}
   (You acquired it on level 5 of the Dungeon)

   [ring of wizardry]

   It improves your spell success rate.
   Str:       It affects your strength (+4).
   Int:       It affects your intelligence (+2).
   rC:        It protects you from cold.
   rCorr:     It protects you from acid and corrosion.
Wands
 g - a wand of flame (36)
 A - a wand of quicksilver (7)
 B - a wand of paralysis (5)
 H - a wand of roots (11)
Scrolls
 j - 6 scrolls of vulnerability
 n - 2 scrolls of blinking
 o - a scroll of acquirement
 q - a scroll of fog
 r - 8 scrolls of teleportation
 t - 2 scrolls of poison
 x - a scroll of magic mapping
 L - a scroll of fear
 M - a scroll of torment {unknown}
 N - 3 scrolls of enchant armour
 O - a scroll of silence {unknown}
Potions
 d - 2 potions of invisibility
 e - 3 potions of mutation
 f - a potion of lignification
 i - 2 potions of flight
 k - 4 potions of resistance
 l - 2 potions of attraction
 D - a potion of magic
 F - a potion of berserk rage
 Q - 2 potions of ambrosia {unknown}


   Skills:
 + Level 8.3 Fighting
 * Level 11.0 Axes
 + Level 6.7 Armour
 + Level 5.9 Dodging
 * Level 5.1 Shields
 - Level 3.0 Evocations


You had 10 spell levels left.
You didn't know any spells.
Your spell library contained the following spells:

 Spells                   Type           Power      Damage    Failure   Level
 Summon Small Mammal      Summ           0%         N/A       26%         1
 Scorch                   Fire           0%         2d5       34%         2
 Call Canine Familiar     Summ           0%         N/A       56%         3
 Conjure Flame            Conj/Fire      0%         6-21      56%         3
 Ignite Poison            Fire/Tmut/Pois 0%         N/A       56%         3
 Summon Guardian Golem    Hex/Summ       0%         N/A       56%         3
 Flame Wave               Conj/Fire      0%         2d4       91%         4
 Sticky Flame             Conj/Fire      0%         2d3       91%         4
 Summon Cactus Giant      Summ           0%         N/A       100%        6


Dungeon Overview and Level Annotations

Branches:
Dungeon (10/15)            Temple (1/1) D:5            Lair (1/5) D:9
    Orc (0/2) D:10

Altars:
Ashenzari
Cheibriados
Dithmenos
Elyvilon
Fedhas
Gozag
Hepliaklqana
Kikubaaqudgha
Makhleb
Nemelex Xobeh
Okawaru
Qazlal
Ru
Sif Muna
Trog
Uskayaw
Vehumet
Wu Jian
Xom
Yredelemnul
Zin
The Shining One

Shops:
D:6 *   D:9 *

Annotations:
D:6 1 runed translucent door, exclusion: door, KamiKatze's ghost, novice OpCj
D:10 1 exclusion


Innate Abilities, Weirdness & Mutations

You are completely covered in rugged brown scales. (AC +3, +7% HP)
You have supernaturally acute eyesight. (SInv)
Armour fits poorly on your strangely shaped body.
You can roll at nearby foes to attack.
You have a long armoured tail.
You curl defensively after being hit. (AC +7*)


Message History

You are more poisoned.
The cane toad poisons you!
You barely miss the cane toad.
The cane toad is severely wounded.
You feel extremely sick. You block the cane toad's attack.
The cane toad barely misses you.
You slash the cane toad!
The cane toad is almost dead.
You feel extremely sick. The cane toad stings you!
* * * LOW HITPOINT WARNING * * *
You hit the cane toad.
The cane toad is almost dead.
* * * LOW HITPOINT WARNING * * *
You feel very sick. You block the cane toad's attack.
Unknown command.
You feel better. The cane toad stings you!
* * * LOW HITPOINT WARNING * * *
You are lethally poisoned!
The cane toad poisons you!
Unknown command.
Okay, then.
Unknown command.
Your skin crawls.
You feel strong-willed.
* * * LOW HITPOINT WARNING * * *
You feel very sick. The cane toad barely misses you.
Unknown command.
You feel much better.
You feel sick. The cane toad stings you!
* * * LOW HITPOINT WARNING * * *
You are lethally poisoned!
The cane toad poisons you!
The cane toad stings you but does no damage.
Unknown command.
You hit the cane toad.
You kill the cane toad!
Trog accepts your kill.
You die...

.,,...,,,,,,............#*
..,...,,,,,,,...........#*
.###.#,,,,,,,,F..........*
##.⌠.##,,,**,,,........#**
#.....#**,***,,,.......#
.⌠.>.⌠###** ****#.....#*
........# ##.....#
.#...#### ####†....##
###..########.##@....#
#.....##.............#
.#...#......##.#....##
.#...#.#...........##
.#.⌠.......⌠.......#
...............+..##
.....#.#.#.#...#..#
......##......#..## ****
#...#######.#...##
*******,,,


There were no monsters in sight!

Vanquished Creatures
  A cyclops (D:7)
  A black mamba (D:9)
  2 cane toads
  A rime drake (Lair:1)
  4 trolls
  A hornet (D:8)
  Sigmund (D:2)
  A vampire (D:9)
  Eustachio (D:5)
  A wyvern (D:10)
  13 yaks
  A wraith (D:9)
  A steam dragon (D:9)
  Grum (D:9)
  4 vampire mosquitoes (D:9)
  2 wargs (D:10)
  A water moccasin (D:6)
  6 orc warriors
  A sky beast (D:6)
  3 black bears
  5 wolves
  A centaur (D:10)
  A phantom (Temple)
  3 bullfrogs
  3 necrophages
  3 gnoll sergeants
  2 scorpions
  7 wights
  2 electric eels
  4 howler monkeys
  6 orc priests
  2 gnoll boudas
  3 jellies
  Crazy Yiuf (D:4)
  2 iguanas (D:7)
  9 orc wizards
  5 adders
  26 gnolls
  3 shadow imps
  A white imp (D:5)
  3 ufetubi
  2 worms
  A dart slug (D:4)
  33 orcs
  8 ball pythons
  4 bats
  6 endoplasms
  6 giant cockroaches
  8 goblins
  7 hobgoblins
  13 jackals
  3 quokkas
  3 frilled lizards
  8 kobolds
  6 rats
247 creatures vanquished.

Vanquished Creatures (others)
  19 fungi (D:9)
  17 plants (D:9)
36 creatures vanquished.

Grand Total: 283 creatures vanquished

Notes
Turn   | Place    | Note
-------+----------+-------------------------------------------
     0 | D:1      | KamiKatze the Palentonga Fighter began the quest for the
                  | Orb.
     0 | D:1      | Reached XP level 1. HP: 19/19 MP: 1/1
   121 | D:1      | Reached XP level 2. HP: 15/25 MP: 2/2
   533 | D:1      | Reached XP level 3. HP: 31/31 MP: 3/3
  1500 | D:2      | Noticed Sigmund
  1507 | D:2      | Killed Sigmund
  1508 | D:2      | Reached skill level 3 in Axes
  1508 | D:2      | Reached XP level 4. HP: 39/39 MP: 4/4
  1508 | D:2      | Reached XP level 5. HP: 44/44 MP: 5/5
  1955 | D:3      | Reached skill level 4 in Axes
  2008 | D:3      | You fall into a shaft and drop 1 floor!
  2442 | D:4      | Reached XP level 6. HP: 51/51 MP: 6/6
  2951 | D:4      | Found a shimmering altar of Xom.
  3169 | D:4      | Found a runed translucent door.
  3170 | D:4      | Noticed Crazy Yiuf
  3235 | D:5      | Entered Level 5 of the Dungeon
  3236 | D:5      | Identified a scroll of acquirement
  3487 | D:5      | Reached skill level 1 in Dodging
  3487 | D:5      | Reached skill level 1 in Evocations
  3487 | D:5      | Gained mutation: You curl defensively after being hit. (AC
                  | +7*) [Palentonga growth]
  3487 | D:5      | Reached XP level 7. HP: 57/57 MP: 7/7
  3835 | D:5      | Reached skill level 5 in Axes
  4098 | D:5      | Found a staircase to the Ecumenical Temple.
  4104 | Temple   | Entered the Ecumenical Temple
  4279 | Temple   | Became a worshipper of Trog the Wrathful
  4312 | D:5      | Noticed Eustachio
  4504 | D:5      | Killed Eustachio
  4773 | D:5      | Reached XP level 8. HP: 65/65 MP: 8/8
  4812 | D:5      | Reached skill level 5 in Fighting
  4993 | D:5      | Reached skill level 6 in Axes
  5161 | D:5      | HP: 3/66 [poisoned by a water moccasin]
  5164 | D:5      | HP: 1/66 [poisoned by a water moccasin]
  5526 | D:6      | Identified the +1 ring mail of Faigg {MP+9 Dex+2 Slay-4}
  5527 | D:6      | Found Niraxeh's General Store.
  5530 | D:6      | Bought a potion of mutation for 88 gold pieces
  5750 | D:6      | Found a runed translucent door.
  5750 | D:6      | Found a shimmering altar of Xom.
  5750 | D:6      | Noticed KamiKatze's ghost (novice OpCj)
  5751 | D:6      | Noticed a +3 falchion of chaos
  6279 | D:7      | Found a glowing silver altar of Zin.
  6279 | D:7      | Found a sparkling altar of Nemelex Xobeh.
  6279 | D:7      | Found a white marble altar of Elyvilon.
  6282 | D:7      | Found a shimmering blue altar of Sif Muna.
  6285 | D:7      | Found an iron altar of Okawaru.
  6342 | D:7      | Reached * piety under Trog
  6418 | D:7      | Reached skill level 7 in Axes
  6865 | D:7      | Noticed a cyclops
  6869 | D:7      | Killed a cyclops
  6870 | D:7      | Reached XP level 9. HP: 66/73 MP: 9/9
  6931 | D:7      | Acquired the ring of Beimuf {Wiz rC+ rCorr Str+4 Int+2}
  7737 | D:8      | Reached skill level 5 in Armour
  7746 | D:8      | Reached skill level 8 in Axes
  8582 | D:8      | Found an ornate altar of the Wu Jian Council.
  8866 | D:4      | Killed Crazy Yiuf
  9421 | D:9      | Reached skill level 9 in Axes
  9427 | D:9      | Reached XP level 10. HP: 50/84 MP: 10/10
 10297 | D:9      | Found Roufut's Lightly-Used Armoury.
 10317 | D:9      | Reached skill level 5 in Dodging
 10348 | D:9      | Reached ** piety under Trog
 10424 | D:9      | Found a staircase to the Lair.
 10647 | D:10     | Entered Level 10 of the Dungeon
 10657 | D:10     | Reached skill level 10 in Axes
 10679 | D:10     | Noticed a flayed ghost
 10684 | D:10     | Noticed a five-headed hydra
 10685 | D:10     | Noticed a cyclops
 10687 | D:10     | Noticed a cyclops
 10688 | D:10     | Noticed a tengu warrior
 10689 | D:10     | Noticed a green ugly thing
 10754 | D:10     | Found a staircase to the Orcish Mines.
 10898 | D:10     | HP: 1/85 [orc warrior/+0 war axe (11)]
 11362 | D:10     | Identified the +1 robe "Gualaad" {rElec}
 11723 | Lair:1   | Entered Level 1 of the Lair of Beasts
 11723 | Lair:1   | Noticed a cane toad
 11726 | Lair:1   | Noticed a black mamba
 11732 | D:9      | Killed a cane toad
 11792 | D:9      | Killed a black mamba
 11793 | D:9      | Reached XP level 11. HP: 56/92 MP: 11/11
 12027 | D:9      | Noticed Grum
 12200 | D:9      | Killed Grum
 12653 | Lair:1   | Reached skill level 11 in Axes
 12653 | Lair:1   | Reached skill level 5 in Shields
 12732 | Lair:1   | HP: 3/92 [poisoned by a cane toad]
 12734 | Lair:1   | Succumbed to a cane toad's poison

Illustrated notes

Levels and vault maps discovered:
D:1:      eino_arrival_water_star, layout_basic, chequers_serial_rivers_micro_a
D:2:      layout_basic, uniq_sigmund
D:3:      layout_basic
D:4:      layout_basic, brannock_xom_greatest_gift, serial_demonic,
          serial_demonic_e, serial_demonic_e, serial_demonic_a,
          serial_demonic_d, uniq_crazy_yiuf_cottage
D:5:      layout_loops_ring, minmay_temple_entry_tees, uniq_eustachio
D:6:      layout_rooms, ebering_ghost_xom, serial_shops, kennysheep_mini
D:7:      layout_basic, minitemple, nrook_pool_corridor, minmay_small_thing
D:8:      layout_basic, mainiacjoe_overflow_six_doors_small, minivault_10,
          fountainhead
D:9:      layout_basic, grunt_lair_entry_orc_guard_hut, serial_rivers,
          chequers_serial_rivers_marsh, chequers_serial_rivers_micro_d,
          chequers_serial_rivers_small_b, chequers_serial_rivers_large_a,
          minmay_shop_damaged, uniq_grum
D:10:     layout_cave_pools, david_orc_1_choice,
          onia_ninara_dug_in_and_dangerous
Temple:   nicolae_temple_bog_church
Lair:1:   layout_hall_layers, minivault_27, grunt_megastairs_1

Skill      XL: |  1  2  3  4  5  6  7  8  9 10 11 |
---------------+----------------------------------+-----
Shields        | 3 4 5 |  5.1
Axes           | 3 4 5 7 9 10 11 | 11.0
Armour         | 3 4 5 6 |  6.7
Fighting       | 4 5 7 8 |  8.3
Dodging        | 1 2 3 4 5 |  5.9
Evocations     | 1 2 3 |  3.0

Action                   |  1- 3 |  4- 6 |  7- 9 | 10-12 || total
-------------------------+-------+-------+-------+-------++-------
Melee: War axe           |    84 |   123 |   228 |   195 ||   630
       Tailslap          |     7 |    10 |    44 |    24 ||    85
       Hand axe          |       |       |    82 |       ||    82
Invok: Berserk           |       |       |     5 |     7 ||    12
       Trog's Hand       |       |       |       |     3 ||     3
 Abil: Rolling Charge    |    21 |    32 |    43 |    23 ||   119
Evoke: Wand              |       |       |     4 |       ||     4
  Use: Scroll            |     1 |     5 |     7 |     6 ||    19
       Potion            |     1 |       |     2 |     4 ||     7
Armor: Scale mail        |    47 |    80 |     4 |       ||   131
       Ring mail         |       |       |    56 |     7 ||    63
       Leather armour    |       |       |    70 |    52 ||   122
       Skin              |       |       |     1 |       ||     1
Dodge: Dodged            |    29 |    48 |   133 |    86 ||   296
Block: Buckler           |    10 |    34 |    66 |    36 ||   146
